 Dungeon Crawl Stone Soup version 0.31-a0-204-g7da18cac08 (webtiles) character file.

Game seed: 17567182567521481603

126 qw the Skirmisher (level 4, 0/25 HPs)
             Began as a Deep Elf Hunter on June 27, 2023.
             Slain by a gnoll
             ... wielding a +0 spear
              (1 damage)
             ... on level 3 of the Dungeon.
             The game lasted 00:00:42 (2122 turns).

qw the Skirmisher (Deep Elf Hunter)                 Turns: 2122, Time: 00:00:43

Health: 0/25       AC:  8    Str: 10    XL:     4   Next: 83%
Magic:  6/6        EV: 11    Int: 14    God:
Gold:   875        SH:  0    Dex: 18    Spells: 3/3 levels left

rFire   . . .        Y - +0 shortbow
rCold   . . .        (shield currently unavailable)
rNeg    . . .        e - +0 ring mail
rPois   .            (no helmet)
rElec   .            c - +0 cloak
rCorr   .            g - +0 pair of gloves
SInv    .            k - +0 pair of boots
Will    .....        (no amulet)
Stlth   +            (no ring)
HPRegen 0.24/turn    (no ring)
MPRegen 0.10/turn

%: no passive effects
@: no status effects
A: no striking features
a: no special abilities


You were on level 3 of the Dungeon.
You visited 1 branch of the dungeon, and saw 3 of its levels.

You collected 875 gold pieces.


   Skills:
 - Level 1.5 Fighting
 - Level 8.2 Ranged Weapons
 + Level 0.0 Armour
 - Level 2.4 Dodging
 - Level 1.2 Stealth


You had 3 spell levels left.
You didn't know any spells.
Your spell library was empty.

Inventory:

Hand Weapons
 Y - a +0 shortbow (weapon)
Armour
 c - a +0 cloak (worn)
 e - a +0 ring mail (worn)
 g - a +0 pair of gloves (worn)
 k - a +0 pair of boots (worn)
 n - a +1 scale mail of cold resistance
Scrolls
 d - a scroll of amnesia {unknown}
 h - a scroll of blinking {unknown}
 m - a scroll of fear {unknown}
Potions
 a - a potion of mutation {unknown}
 b - a potion of invisibility {unknown}
 f - a potion of degeneration {unknown}
 i - a potion of resistance {unknown}
 j - 2 potions of curing
 l - a potion of might {unknown}

Dungeon Overview and Level Annotations

Branches:
Dungeon (3/15)

Altars:
Uskayaw
Vehumet
Zin

Annotations:
D:3 exclusion: gnoll


Message History

Enter note:
Enter note:
2109 ||| UPGRADING to +0 pair of boots.
The gnoll hits you but does no damage.
Keep equipping yourself?
You start putting on your armour.
You continue putting on your +0 pair of boots.
The gnoll hits you but does no damage.
You continue putting on your +0 pair of boots.
The gnoll hits you but does no damage.
You continue putting on your +0 pair of boots.
The gnoll hits you from afar with a +0 spear.
You continue putting on your +0 pair of boots.
The gnoll completely misses you.
You finish putting on your +0 pair of boots.
2114 ||| UPGRADING to +1 scale mail of cold resistance.
The gnoll hits you from afar with a +0 spear.
You stop removing your armour.
2115 ||| UPGRADING to +1 scale mail of cold resistance.
The gnoll hits you from afar with a +0 spear.
You stop removing your armour.
2116 ||| UPGRADING to +1 scale mail of cold resistance.
The gnoll barely misses you.
You start removing your armour.
You continue taking off your +0 ring mail.
You stop removing your armour.
The gnoll barely misses you.
2118 ||| UPGRADING to +1 scale mail of cold resistance.
The gnoll hits you but does no damage.
You stop removing your armour.
2119 ||| UPGRADING to +1 scale mail of cold resistance.
The gnoll hits you from afar with a +0 spear.
You stop removing your armour.
2120 ||| UPGRADING to +1 scale mail of cold resistance.
The gnoll misses you.
You start removing your armour.
You continue taking off your +0 ring mail.
The gnoll closely misses you.
You continue taking off your +0 ring mail.
The gnoll hits you from afar with a +0 spear.
You stop removing your armour.
You die...

#.#...## #......##
##.......##
.##.........###
.#.###
..'....%....'..
...... .##..).g....#
.#.### ...........#
#g.@..# ##.).## ##
##'## ##. #.# ##..
#.# ##... ##.##
#.... ##...## ##...#
#.....#########....#
##............#...##


You could see 2 gnolls.

Vanquished Creatures
  Terence (D:3)
  2 gnolls (D:3)
  3 adders (D:2)
  4 dart slugs
  2 ball pythons
  7 bats
  6 endoplasms
  3 giant cockroaches
  3 goblins
  3 hobgoblins (D:1)
  2 quokkas
  3 frilled lizards
  4 kobolds
  4 rats
47 creatures vanquished.

Notes
Turn   | Place    | Note
-------+----------+-------------------------------------------
     0 | D:1      | qw the Deep Elf Hunter began the quest for the Orb.
     0 | D:1      | Reached XP level 1. HP: 12/12 MP: 3/3
     0 | D:1      | 0 ||| qw: Version: 0.3-a-22-g0ed2b0b
     0 | D:1      | 0 ||| qw: Game counter: 6499
     0 | D:1      | 0 ||| qw: Melee chars always use a shield: true
     0 | D:1      | 0 ||| qw: God list: Okawaru
     0 | D:1      | 0 ||| qw: Allow faded altars: false
     0 | D:1      | 0 ||| qw: Do Orc after clearing Dungeon:15 true
     0 | D:1      | 0 ||| qw: Do second Lair branch before Depths: true
     0 | D:1      | 0 ||| qw: Lair rune preference: random
     0 | D:1      | 0 ||| qw: Goals: Normal
     0 | D:1      | 0 ||| PLANNING D:1-11
   362 | D:1      | Reached skill level 6 in Ranged Weapons
   362 | D:1      | Reached XP level 2. HP: 16/16 MP: 4/4
   754 | D:1      | 754 ||| UPGRADING to +0 ring mail.
   764 | D:1      | 764 ||| DROPPING +0 leather armour.
   765 | D:1      | 765 ||| UPGRADING to +0 pair of gloves.
   770 | D:1      | 770 ||| READING scroll labelled AKATZI AXEMUZI.
   770 | D:1      | Identified a scroll of acquirement
   770 | D:1      | 770 ||| ACQUIRING 714 gold pieces
   770 | D:1      | Acquired 714 gold pieces
   772 | D:1      | 772 ||| DROPPING scroll of butterflies.
   885 | D:2      | 885 ||| STAIRDANCE
   924 | D:2      | Found a glowing silver altar of Zin.
   981 | D:2      | Reached XP level 3. HP: 20/20 MP: 5/5
  1050 | D:2      | Reached skill level 7 in Ranged Weapons
  1520 | D:2      | 1520 ||| UPGRADING to +0 cloak.
  1525 | D:2      | 1525 ||| READING scroll labelled QAXIXI PIMAU.
  1526 | D:2      | 1526 ||| READING scroll labelled MATZAKOAGG.
  1527 | D:2      | 1527 ||| READING scroll labelled LIFEISYENT.
  1530 | D:2      | 1530 ||| READING scroll labelled VAEKEAZX LESHRE.
  1531 | D:2      | 1531 ||| DRINKING 2 fizzy red potions.
  1577 | D:3      | 1577 ||| STAIRDANCE
  1600 | D:3      | Found a radiant altar of Vehumet.
  1657 | D:3      | Found a hide-covered altar of Uskayaw.
  1666 | D:3      | Reached XP level 4. HP: 25/25 MP: 6/6
  1842 | D:3      | Noticed a sky beast
  1897 | D:3      | Noticed Terence
  1909 | D:3      | Killed Terence
  2083 | D:3      | Reached skill level 8 in Ranged Weapons
  2109 | D:3      | 2109 ||| UPGRADING to +0 pair of boots.
  2114 | D:3      | 2114 ||| UPGRADING to +1 scale mail of cold resistance.
  2114 | D:3      | HP: 6/25 [gnoll/+0 spear (3)]
  2115 | D:3      | 2115 ||| UPGRADING to +1 scale mail of cold resistance.
  2115 | D:3      | HP: 2/25 [gnoll/+0 spear (4)]
  2116 | D:3      | 2116 ||| UPGRADING to +1 scale mail of cold resistance.
  2118 | D:3      | 2118 ||| UPGRADING to +1 scale mail of cold resistance.
  2119 | D:3      | 2119 ||| UPGRADING to +1 scale mail of cold resistance.
  2120 | D:3      | 2120 ||| UPGRADING to +1 scale mail of cold resistance.
  2122 | D:3      | Slain by a gnoll

Levels and vault maps discovered:
D:1:      dpeg_arrival_circle_labyrinth_c, layout_loops_ring,
          hangedman_abyss_or_decor_lesser_grid
D:2:      layout_basic, basic_altar, minmay_3d_cube
D:3:      layout_loops_corners, eat_drink_and_be_merry_uskayaw,
          nicolae_ru_path_of_blood, vehumet_crystals, lightli_corner_chamber,
          uniq_terence

Skill      XL: |  1  2  3  4 |
---------------+-------------+-----
Ranged Weapons | 6 7 8 |  8.2
Fighting       | |  1.5
Dodging        | |  2.4
Stealth        | |  1.2

Action                     |  1- 3 |  4- 6 || total
---------------------------+-------+-------++-------
   Fire: Shortbow          |    90 |    53 ||   143
    Use: Scroll            |     5 |       ||     5
         Potion            |     1 |       ||     1
 Armour: Ring mail         |    15 |     8 ||    23
         Leather armour    |     2 |       ||     2
  Dodge: Dodged            |    31 |    13 ||    44

Table legend:
 A = Non-vault XP
 B = Vault XP
 C = Vault XP percentage of total XP
 D = Non-vault monster count
 E = Vault monster count
 F = Vault count percentage of total count
                 A         B        C        D         E       F
            +---------+---------+-------+---------+---------+-------
      Total |     126 |      54 |  30.0 |      43 |       4 |   8.5
            +---------+---------+-------+---------+---------+-------
        D:1 |      19 |       0 |   0.0 |      11 |       0 |   0.0
        D:2 |      52 |      18 |  25.7 |      16 |       3 |  15.8
        D:3 |      55 |      36 |  39.6 |      16 |       1 |   5.9
            +---------+---------+-------+---------+---------+-------
